 Dungeon Crawl Stone Soup version 0.21-a0-642-g5d013b2151 (webtiles) character file.

2979 NixNut the Poker (level 9, -2/74 HPs)
             Began as a Green Draconian Wanderer on Dec 31, 2017.
             Was an Initiate of Makhleb.
             Slain by an unseen horror (7 damage)
             ... on level 7 of the Dungeon.
             The game lasted 01:24:44 (9801 turns).

NixNut the Poker (Green Draconian Wanderer)         Turns: 9801, Time: 01:24:44

Health: -2/74      AC:  7    Str: 17    XL:     9   Next: 53%
Magic:  17/18      EV: 14    Int: 13    God:    Makhleb [......]
Gold:   256        SH:  0    Dex: 16    Spells: 14/20 levels left

rFire    + . .     SeeInvis .   y - +1 trident (vamp)
rCold    . . .     Gourm    .   (no shield)
rNeg     . . .     Faith    .   (armour unavailable)
rPois    +         Spirit   .   (helmet restricted)
rElec    .         Reflect  .   (no cloak)
rCorr    +         Harm     .   (no gloves)
MR       .....                  (no boots)
Stlth    +.........             (no amulet)
HPRegen  0.22/turn              p - ring of protection from fire
MPRegen  0.16/turn              r - ring of resist corrosion

@: mighty
A: breathe noxious fumes, unfitting armour, poison resistance, cold-blooded, AC
+7
a: Breathe Noxious Fumes, Renounce Religion


You were on level 7 of the Dungeon.
You worshipped Makhleb.
Makhleb was noncommittal.
You were not hungry.

You visited 2 branches of the dungeon, and saw 8 of its levels.

You collected 256 gold pieces.

Inventory:

Hand Weapons
 b - a +0 hand crossbow
 d - a +0 hand axe
 y - a +1 vampiric trident (weapon)
Missiles
 c - 71 bolts
 e - 7 needles of sleeping
 n - 40 poisoned needles
Jewellery
 k - an uncursed ring of positive energy {unknown}
 p - a ring of protection from fire (left hand)
 q - a +3 ring of intelligence
 r - a ring of resist corrosion (right hand)
 z - a +3 ring of intelligence
 B - a +4 ring of intelligence
Scrolls
 g - a scroll of amnesia
 h - 3 scrolls of immolation
 i - 2 scrolls of fear
 j - a scroll of fog {unknown}
 l - 2 scrolls of enchant armour
 m - a scroll of identify
 s - 2 scrolls of remove curse
 t - a scroll of acquirement {unknown}
 C - a scroll of teleportation
 E - 3 scrolls of blinking
Potions
 o - 2 potions of invisibility {unknown}
 u - a potion of brilliance {unknown}
 v - a potion of haste {unknown}
 A - a potion of lignification {unknown}
Books
 a - a book of Minor Magic

   Spells                             Type                      Level
   a - Magic Dart                     Conjuration                  1
   b - Blink                          Translocation                2
   c - Call Imp                       Summoning                    2
   d - Slow                           Hexes                        2
   e - Conjure Flame                  Conjuration/Fire             3
   f - Mephitic Cloud                 Conjuration/Poison/Air       3
 w - a book of Misfortune

   Spells                             Type                      Level
   a - Confusing Touch                Hexes                        1
   b - Confuse                        Hexes                        3
   c - Gell's Gravitas                Translocation                3
   d - Petrify                        Transmutation/Earth          4
   e - Metabolic Englaciation         Hexes/Ice                    5
   f - Yara's Violent Unravelling     Hexes/Transmutation          5
Comestibles
 f - 5 rations
 D - 6 chunks of flesh


   Skills:
 + Level 5.2 Fighting
 - Level 2.3(5.3) Axes
 * Level 7.5(7.7) Polearms
 - Level 2.1 Crossbows
 + Level 4.2 Dodging
   Level 2.0 Shields
 + Level 6.4 Spellcasting
 - Level 3.3 Hexes
 - Level 1.0 Summonings
 - Level 3.7 Translocations


You had 14 spell levels left.
You knew the following spells:

 Your Spells              Type           Power        Failure   Level  Hunger
a - Blink                 Tloc           N/A          5%          2    #......
b - Call Imp              Summ           #.......     16%         2    #......
c - Slow                  Hex            ##......     6%          2    #......


Dungeon Overview and Level Annotations

Branches:
Dungeon (7/15)             Temple (1/1) D:6

Altars:
Ashenzari
Cheibriados
Dithmenos
Elyvilon
Fedhas
Gozag
Hepliaklqana
Kikubaaqudgha
Makhleb
Nemelex Xobeh
Okawaru
Qazlal
Ru
Sif Muna
Trog
Uskayaw
Vehumet
Wu Jian
Xom
Yredelemnul
Zin


Innate Abilities, Weirdness & Mutations

You can breathe blasts of noxious fumes.
Your lurid green scales are hard. (AC +7)
You cannot fit into any form of body armour.
Your system is resistant to poisons. (rPois)
You are cold-blooded and may be slowed by cold attacks.


Message History

Something hits you but does no damage. Something hits you. x2
Something hits you.
There is an open door, spattered with blood here.
You are too injured to fight recklessly!
You completely miss something. Something hits you.
* * * LOW HITPOINT WARNING * * *
Something hits you.
* * * LOW HITPOINT WARNING * * *
You feel very mighty all of a sudden. Something hits you.
* * * LOW HITPOINT WARNING * * *
Something hits you but does no damage. Something hits you!
* * * LOW HITPOINT WARNING * * *
There is an open door, spattered with blood here.
Something hits you.
* * * LOW HITPOINT WARNING * * *
Something hits you!
You die...

#.. ... ##.# #+# #..#
#..# #.# #..# #..# #.#
#... #..# +.+ #...
####..# #.# #.#. #.....#
#.# #...
#...#.###+###.###+###...
#...#.'@............'.##
#..>+.###+###.###+###...
#...#.# #.# #.#.
##...#.# #.# #...
#......# +.+ #...
#...>..# #.# #...
#.....)# #.# #.##
#......#######+# #.#
#......!........


There were no monsters in sight!

Vanquished Creatures
  The ghost of syranez the Slicer, a novice KoCK of Xom (D:6)
  Pikel (D:6)
  The ghost of SnubMonkey the Chopper, an amateur HOBe of Trog (D:4)
  Prince Ribbit (D:6)
  Eustachio (D:4)
  Edmund (D:6)
  An ice beast (D:5)
  An orc warrior (D:7)
  2 slaves (D:6)
  A phantom (D:6)
  3 ogres
  A centaur (D:5)
  2 bullfrogs (D:6)
  2 scorpions
  A killer bee (D:7)
  A bullfrog zombie (D:7)
  A bullfrog skeleton (D:6)
  2 orc wizards
  A centaur skeleton (D:4)
  2 hounds
  An iguana (D:4)
  4 worker ants
  2 hound skeletons
  A worker ant zombie (D:6)
  4 gnolls (D:4)
  8 adders
  2 oozes
  An adder skeleton (D:7)
  2 worms (D:2)
  4 dart slugs
  9 leopard geckos
  21 orcs
  8 bats
  11 giant cockroaches
  9 goblins
  4 hobgoblins
  5 jackals
  3 quokkas
  2 ball pythons (D:3)
  4 frilled lizards
  9 kobolds
  A leopard gecko skeleton (D:4)
  A leopard gecko zombie (D:6)
  A quokka skeleton (D:5)
  6 rats
150 creatures vanquished.

Vanquished Creatures (collateral kills)
  A worker ant (D:5)
  A quokka (D:6)
2 creatures vanquished.

Vanquished Creatures (others)
  2 slaves (D:6)
2 creatures vanquished.

Grand Total: 154 creatures vanquished

Notes
Turn   | Place    | Note
-------+----------+-------------------------------------------
     0 | D:1      | NixNut the Draconian Wanderer began the quest for the Orb.
     0 | D:1      | NixNut set off with: a book of Minor Magic, a +0 hand crossbow, 27 bolts, a +0 hand axe, a ration
     0 | D:1      | Reached XP level 1. HP: 19/19 MP: 4/4
   264 | D:1      | Reached skill level 1 in Crossbows
   264 | D:1      | Reached XP level 2. HP: 26/26 MP: 6/6
   446 | D:1      | Reached XP level 3. HP: 33/33 MP: 7/7
   450 | D:1      | Learned a level 2 spell: Blink
   453 | D:1      | Learned a level 2 spell: Call Imp
   456 | D:1      | Learned a level 2 spell: Slow
  1405 | D:2      | Found a blossoming altar of Fedhas.
  1441 | D:2      | Reached XP level 4. HP: 22/40 MP: 8/8
  2421 | D:3      | Reached skill level 1 in Summonings
  2537 | D:3      | Reached skill level 1 in Hexes
  2546 | D:3      | Reached skill level 1 in Translocations
  2954 | D:4      | Noticed Eustachio
  3020 | D:5      | Entered Level 5 of the Dungeon
  3108 | D:5      | Noticed an ice beast
  3425 | D:4      | Reached XP level 5. HP: 46/46 MP: 10/10
  3751 | D:4      | Reached skill level 1 in Polearms
  3865 | D:4      | Reached XP level 6. HP: 50/52 MP: 2/11
  4382 | D:4      | Killed Eustachio
  4382 | D:4      | Reached skill level 2 in Polearms
  4572 | D:4      | Noticed SnubMonkey's ghost (amateur HOBe)
  4611 | D:4      | Killed SnubMonkey's ghost
  4611 | D:4      | Your scales start taking on a lurid green colour.
  4611 | D:4      | Reached XP level 7. HP: 28/58 MP: 3/13
  4611 | D:4      | Gained mutation: Your system is resistant to poisons. (rPois) [Green Draconian growth]
  4833 | D:4      | Reached skill level 3 in Polearms
  5447 | D:6      | Reached skill level 1 in Dodging
  5553 | D:6      | Noticed Pikel
  5645 | D:6      | Killed Pikel
  5645 | D:6      | Reached skill level 4 in Polearms
  5645 | D:6      | Reached skill level 5 in Spellcasting
  5645 | D:6      | Reached XP level 8. HP: 37/66 MP: 15/15
  5834 | D:6      | Reached skill level 5 in Polearms
  6169 | D:6      | Found a staircase to the Ecumenical Temple.
  6185 | Temple   | Entered the Ecumenical Temple
  6456 | Temple   | Became a worshipper of Makhleb the Destroyer
  6550 | D:6      | Noticed syranez's ghost (novice KoCK)
  6585 | D:6      | Noticed Prince Ribbit
  7498 | D:5      | Reached skill level 6 in Polearms
  7809 | D:6      | Noticed Edmund
  7894 | D:6      | Killed Edmund
  8211 | D:6      | Reached XP level 9. HP: 71/71 MP: 9/17
  8934 | D:6      | Killed syranez's ghost
  8944 | D:6      | Killed Prince Ribbit
  8944 | D:6      | Reached skill level 5 in Fighting
  8944 | D:6      | Reached skill level 7 in Polearms
  9099 | D:7      | Found a sparkling altar of Nemelex Xobeh.
  9230 | D:7      | Noticed a komodo dragon
  9413 | D:7      | Noticed a cyclops
  9801 | D:7      | Slain by an unseen horror

Vault maps used:
D:1:      saegor_arrival_simple_c
D:2:      first_ration, fedhas_altar_4
D:3:      amethyst_killhole
D:4:      corner_web_ring, uniq_eustachio
D:5:      hangedman_abyss_or_decor_lesser_grid
D:6:      minmay_temple_entry_glassed_door, gup_sewer_entry_pipe, serial_glass,
          glass_columns_a, glass_columns_b, uniq_prince_ribbit1, uniq_edmund,
          uniq_pikel
D:7:      minmay_the_grid_octo_2x2, grunt_ogre_cave, minmay_door_square,
          fountainhead, minivault_27, small_statue_intersection,
          nemelex_xobeh_ov_fountains_minmay
Temple:   nicolae_temple_the_god_donut

Skill      XL: |  1  2  3  4  5  6  7  8  9 |
---------------+----------------------------+-----
Crossbows      | 1 2 |  2.1
Summonings     | 1 |  1.0
Hexes          | 1 3 |  3.3
Translocations | 1 2 3 |  3.7
Polearms       | 1 2 4 6 7 |  7.5
Spellcasting   | 4 5 6 |  6.4
Dodging        | 2 3 4 |  4.2
Fighting       | 4 5 |  5.2
Axes           | |  2.3
Shields        | |  2.0

Action                   |  1- 3 |  4- 6 |  7- 9 || total
-------------------------+-------+-------+-------++-------
Melee: Hand axe          |    96 |    87 |       ||   183
       Tailslap          |    11 |    24 |    51 ||    86
       Trident           |       |   151 |   393 ||   544
 Fire: Hand crossbow     |    45 |       |       ||    45
 Cast: Blink             |       |     8 |    37 ||    45
       Slow              |       |    16 |    32 ||    48
       Call Imp          |       |     7 |    22 ||    29
 Abil: Breathe Noxious F |       |       |     9 ||     9
  Use: Scroll            |       |    10 |       ||    10
       Potion            |       |     3 |     6 ||     9
 Stab: Sleeping          |     2 |       |     3 ||     5
       Distracted        |       |     1 |     1 ||     2
       Confused          |       |       |     6 ||     6
  Eat: Chunk             |     2 |     2 |     4 ||     8
       Ration            |       |     4 |     5 ||     9
Armor: Skin              |    42 |    59 |    87 ||   188
Dodge: Dodged            |    80 |   136 |   193 ||   409

Table legend:
 A = Spawn XP
 B = Non-spawn XP
 C = Spawn XP percentage of total XP
 D = Spawn monster count
 E = Non-spawn monster count
 F = Spawn count percentage of total count
 G = Total turns spent on level
                    A         B        C        D         E        F      G
               +---------+---------+-------+---------+---------+-------+---------
         Total |       0 |    4256 |   0.0 |       0 |     150 |   0.0 |  9801
               +---------+---------+-------+---------+---------+-------+---------
           D:1 |       0 |      54 |   0.0 |       0 |      24 |   0.0 |   826
           D:2 |       0 |      81 |   0.0 |       0 |      28 |   0.0 |  1585
           D:3 |       0 |      36 |   0.0 |       0 |      13 |   0.0 |   532
           D:4 |       0 |     819 |   0.0 |       0 |      26 |   0.0 |  1683
           D:5 |       0 |     594 |   0.0 |       0 |      20 |   0.0 |  1694
           D:6 |       0 |    2258 |   0.0 |       0 |      24 |   0.0 |  2366
           D:7 |       0 |     414 |   0.0 |       0 |      15 |   0.0 |   561
               +---------+---------+-------+---------+---------+-------+---------
